 Dungeon Crawl Stone Soup version 0.31-a0-988-g08d55dae12 (webtiles) character file.

Game seed: 7039284962003052991

316129 jt the Severer (level 21, -1/124 HPs)
             Began as a Gargoyle Warper on Nov 4, 2023.
             Was the Champion of Hepliaklqana.
             Killed by an exploding sphinx (15 damage)
             ... ignited by their inner flame
             ... on level 5 of the Vaults.
             The game lasted 02:34:33 (42874 turns).

jt the Severer (Gargoyle Warper)                   Turns: 42874, Time: 02:34:34

Health: -1/124     AC: 42    Str: 21    XL:     21   Next: 76%
Magic:  31/31      EV:  5    Int: 19    God:    Hepliaklqana [******]
Gold:   1387       SH:  0    Dex:  9    Spells: 23/34 levels left

rFire   + . .        a - +6 executioner's axe (distort)
rCold   + + .        (shield currently unavailable)
rNeg    + . .        p - +2 plate armour {Will+}
rPois   ∞            b - +2 helmet {SInv}
rElec   +            f - scarf {rC+ rF+}
rCorr   .            Y - +0 pair of gloves
SInv    +            (no boots)
Will    +++..        s - amulet of regeneration Stlth
                     o - ring of wizardry
HPRegen 1.20/turn    y - ring of Yvvui {rC+ Will+ SInv Stlth-}
MPRegen 0.22/turn

%: wizardry (x1)
@: flying, constricted, studying Conjurations, invisible
A: reduced essence, sickness immunity, AC +16, big wings, negative energy
resistance 1, electricity resistance, torment resistance 1, petrification
resistance, talons 1
}: 1/15 runes: serpentine
a: Renounce Religion, Recall Ancestor, Ancestor Identity, Transference, Idealise


You were on level 5 of the Vaults.
You worshipped Hepliaklqana.
Hepliaklqana was exalted by your worship.
You visited 8 branches of the dungeon, and saw 35 of its levels.
You also visited: Sewer, Gauntlet, Ice Cave and Volcano.

You collected 4073 gold pieces.
You spent 2686 gold pieces at shops.

Inventory:

Hand Weapons
 a - a +6 executioner's axe of distortion (weapon)
Missiles
 d - 6 darts of dispersal (quivered)
 l - 5 throwing nets
 E - 5 silver javelins
 O - 8 curare-tipped darts
Armour
 b - a +2 helmet of see invisible (worn)
 f - a scarf of resistance (worn)
 p - a +2 plate armour of willpower (worn)
 Y - a +0 pair of gloves (worn)
Jewellery
 o - a ring of wizardry (left hand)
 s - an amulet of regeneration (around neck)
 y - the ring of Yvvui (right hand) {rC+ Will+ SInv Stlth-}
   (You bought it in a shop on level 2 of the Vaults)

   [ring of see invisible]

   rC+:       It protects you from cold.
   Will+:     It increases your willpower.
   SInv:      It lets you see invisible.
   Stlth-:    It makes you less stealthy.
 C - the ring "Ampoam" {rF+ rN+}
   (You found it on level 4 of the Vaults)

   [ring of positive energy]

   rF+:       It protects you from fire.
   rN+:       It protects you from negative energy.
 L - a ring of resist corrosion
Wands
 e - a wand of light (7)
 g - a wand of polymorph (26)
 x - a wand of flame (37)
 N - a wand of roots (16)
 R - a wand of mindburst (1)
 V - a wand of digging (3)
 W - a wand of paralysis (5)
Scrolls
 c - 10 scrolls of blinking
 h - 2 scrolls of summoning
 j - 6 scrolls of identify
 k - 4 scrolls of silence
 t - 8 scrolls of teleportation
 A - 2 scrolls of fear
 B - 2 scrolls of poison
 F - a scroll of vulnerability
 H - 2 scrolls of immolation
 J - 6 scrolls of revelation
 K - a scroll of fog
 S - 2 scrolls of brand weapon
 U - a scroll of enchant weapon
Potions
 m - 18 potions of curing
 n - 5 potions of magic
 q - 8 potions of mutation
 w - 9 potions of haste
 z - 5 potions of brilliance
 G - 6 potions of lignification
 I - a potion of enlightenment
 M - 2 potions of resistance
 Q - 3 potions of berserk rage
 T - 3 potions of heal wounds
 X - 3 potions of might
Miscellaneous
 i - a phantom mirror
 u - a lightning rod (4/4)
 P - a condenser vane


   Skills:
 + Level 16.9 Fighting
 + Level 20.4 Axes
 - Level 3.0 Throwing
 - Level 19.0 Armour
 - Level 1.5 Dodging
 - Level 2.0 Stealth
 - Level 7.0 Spellcasting
 - Level 13.0 Translocations
 - Level 9.0 Air Magic
 + Level 12.7 Invocations
 - Level 5.0 Evocations


You had 23 spell levels left.
You knew the following spells:

 Your Spells              Type           Power      Damage    Failure   Level
a - Blink                 Tloc           100%       N/A       1%          2
b - Apportation           Tloc           100%       N/A       1%          1
c - Manifold Assault      Tloc           54%        N/A       1%          4
d - Vhi's Electric Charg  Tloc/Air       96%        N/A       3%          4

Your spell library contained the following spells:

 Spells                   Type           Power      Damage    Failure   Level
 Lesser Beckoning         Tloc           100%       N/A       1%          2
 Teleport Other           Tloc           54%        N/A       1%          3
 Volatile Blastmotes      Fire/Tloc      62%        2d15      6%          3
 Poisonous Vapours        Pois/Air       46%        N/A       8%          2
 Dispersal                Tloc           27%        N/A       22%         6
 Mephitic Cloud           Conj/Pois/Air  18%        N/A       26%         3
 Freeze                   Ice            24%        1d4       28%         1
 Slow                     Hex            24%        N/A       28%         1
 Jinxbite                 Hex            12%        N/A       41%         2
 Scorch                   Fire           12%        2d5       41%         2
 Summon Lightning Spire   Summ/Air       23%        N/A       41%         4
 Confusing Touch          Hex            6%         N/A       63%         3
 Dazzling Flash           Conj/Hex       12%        N/A       63%         3
 Frozen Ramparts          Ice            12%        1d2       63%         3
 Hailstorm                Conj/Ice       6%         3d4       63%         3
 Ignite Poison            Fire/Tmut/Pois 6%         N/A       63%         3
 Inner Flame              Hex/Fire       6%         N/A       63%         3
 Ozocubu's Armour         Ice            6%         N/A       63%         3
 Sigil of Binding         Hex            6%         N/A       63%         3
 Summon Guardian Golem    Hex/Summ       6%         N/A       63%         3
 Tukima's Dance           Hex            6%         N/A       63%         3
 Vampiric Draining        Necr           6%         2d6       63%         3
 Arcjolt                  Conj/Air       11%        1d21      75%         5
 Silence                  Hex/Air        11%        N/A       75%         5
 Freezing Cloud           Conj/Ice/Air   9%         6-21      91%         5
 Animate Armour           Summ/Erth      12%        N/A       95%         4
 Animate Dead             Necr           6%         N/A       95%         4
 Brom's Barrelling Bould  Conj/Erth      6%         2d3       95%         4
 Flame Wave               Conj/Fire      6%         2d5       95%         4
 Petrify                  Tmut/Erth      6%         N/A       95%         4
 Sticky Flame             Conj/Fire      6%         2d3       95%         4
 Summon Ice Beast         Ice/Summ       6%         N/A       95%         4
 Conjure Ball Lightning   Conj/Air       11%        3x3d6     99%         6
 Plasma Beam              Fire/Air       11%        2x1d22    99%         6
 Alistair's Intoxication  Tmut/Pois      4%         N/A       100%        5
 Fireball                 Conj/Fire      3%         3d4       100%        5
 Irradiate                Conj/Tmut      3%         3d12      100%        5
 Iskenderun's Battlesphe  Conj           6%         2d6       100%        5
 Lee's Rapid Deconstruct  Erth           3%         3d5*      100%        5
 Metabolic Englaciation   Hex/Ice        3%         N/A       100%        5
 Summon Mana Viper        Hex/Summ       6%         N/A       100%        5
 Simulacrum               Ice/Necr       3%         N/A       100%        6
 Starburst                Conj/Fire      3%         6d3       100%        6
 Summon Cactus Giant      Summ           3%         N/A       100%        6
 Haunt                    Necr/Summ      3%         N/A       100%        7
 Monstrous Menagerie      Summ           3%         N/A       100%        7
 Orb of Destruction       Conj           3%         9d5       100%        7
 Ozocubu's Refrigeration  Ice            3%         4d8       100%        7
 Disjunction              Tloc           27%        N/A       100%        8
 Ignition                 Fire           3%         3d4       100%        8
 Infestation              Necr           3%         N/A       100%        8
 Maxwell's Capacitive Co  Air            20%        ∞         100%        8
 Polar Vortex             Ice            3%         N/A       100%        9
 Cigotuvi's Dreadful Rot  Necr/Pois/Air  Unusable   N/A       N/A         2
 Sublimation of Blood     Necr           Unusable   N/A       N/A         2

Dungeon Overview and Level Annotations

Branches:
Dungeon (15/15)            Temple (1/1) D:6            Lair (5/5) D:8
  Swamp (2/4) Lair:3        Snake (4/4) Lair:2        Slime (0/5) Lair:5
    Orc (2/2) D:9             Elf (1/3) Orc:2        Vaults (5/5) D:13
  Crypt (0/3) Vaults:2     Depths (0/4) D:15          Sewer (visited)
  IceCv (visited)         Volcano (visited)         Gauntlet (visited)

Altars:
Ashenzari
Cheibriados
Dithmenos
Elyvilon
Fedhas
Gozag
Hepliaklqana
Kikubaaqudgha
Makhleb
Nemelex Xobeh
Okawaru
Qazlal
Ru
Sif Muna
Trog
Uskayaw
Vehumet
Wu Jian
Xom
Yredelemnul
Zin
The Shining One
Jiyva

Shops:
D:8 *   D:13 (   Orc:2 *(*((   Snake:1 :   Snake:2 **   Vaults:1 ***
Vaults:2 =   Vaults:3 !   Vaults:4 *

Annotations:
D:14 1 runed translucent door
Abyss:1 Aizul; Louise; Nergalle; Pi314's ghost, journeyman DrCj; Unotosimoa's ghost, adept GrFi; Vashnia


Innate Abilities, Weirdness & Mutations

Your life essence is reduced to manifest your ancestor. (-10% HP)
You are immune to sickness and miasma.
Your stone body is resilient. (AC +16)
You are immune to poison.
Your large and strong wings let you fly.
You resist negative energy. (rN+)
You are resistant to electric shocks. (rElec)
You are resistant to unholy torment.
You are immune to petrification.
You have sharp toenails.


Message History

Okay, then.
You hit the vault guard. You slash the tentacled monstrosity!
Flame seeps out of the tentacled monstrosity.
Space warps around the tentacled monstrosity.
Flame seeps out of the tentacled monstrosity.
You slash the sphinx!
Flame seeps out of the sphinx.
You barely miss the vault guard. You slash the vault guard!
Flame seeps out of the vault guard.
Space warps around the vault guard.
Flame seeps out of the vault guard.
The vault guard explodes!
The fiery explosion engulfs the vault guard!!
The fiery explosion engulfs you! You resist.
The fiery explosion engulfs the war gargoyle!
The war gargoyle resists.
The war gargoyle is lightly damaged.
The fiery explosion engulfs the tentacled monstrosity!
The tentacled monstrosity resists.
Flame seeps out of the tentacled monstrosity.
The tentacled monstrosity is moderately wounded.
The fiery explosion engulfs the sphinx!!
Flame seeps out of the sphinx.
The sphinx is almost dead.
The vault guard explodes!
The fiery explosion engulfs the vault guard!!
The fiery explosion engulfs the tentacled monstrosity.
The tentacled monstrosity resists.
Flame seeps out of the tentacled monstrosity.
The tentacled monstrosity is moderately wounded.
The fiery explosion engulfs you!! You resist.
* * * LOW HITPOINT WARNING * * *
The vault guard explodes!
The fiery explosion engulfs you. You resist.
* * * LOW HITPOINT WARNING * * *
You are engulfed in blazing flames.
You resist.
* * * LOW HITPOINT WARNING * * *
You hear a shout!
You hear a horrible gurgling sound!
The sphinx is engulfed in blazing flames.
The sphinx explodes!
The fiery explosion engulfs you! You resist.
You die...

#....#...# .
#....#...# ..
#....#...##
.#.#....#.p..
.......p....
##..§§§§§.#####
..§§§°§§X§^....
..§°§§§@9°.p...
..§§°§°§○§$....
...§§°§§§......
##.§§)§§§C#####
....§§§§§..
...#....#.#.
...#....#..#.
.. #....#.#.#.


You could see a tentacled monstrosity (inner flame), a titan, 2 vault guards and
a war gargoyle.

Vanquished Creatures
  A dread lich (Vaults:4)
  Jorgrun (Snake:1)
  4 sphinxes
  The ghost of Aneev the Fighter, an adept TrFi of Uskayaw (D:15)
  Agnes (D:14)
  7 vault wardens
  An orc warlord (Vaults:2)
  16 ironbound preservers
  A broodmother (shapeshifter) (D:13)
  A war gargoyle (Vaults:4)
  2 very ugly things (D:15)
  2 formless jellyfish
  A vampire knight (Vaults:2)
  7 ironbound thunderhulks
  2 eleionomae (Swamp:1)
  A minotaur (Gauntlet)
  Azrael (D:14)
  10 dire elephants
  A blizzard demon (Gauntlet)
  2 yaktaur captains
  8 great orbs of eyes
  2 entropy weavers
  Harold (D:9)
  An entropy weaver (shapeshifter) (D:13)
  2 salamander tyrants (Snake:4)
  20 vault guards
  4 hydras
  An alligator (Swamp:1)
  9 ironbound frosthearts
  6 ghost crabs (Swamp:1)
  A rakshasa (D:14)
  A death knight (D:14)
  6 two-headed ogres
  An ogre mage (Vaults:4)
  16 anacondas
  10 centaur warriors
  A dancing weapon (Volcano)
  7 boulder beetles
  4 death yaks (IceCv)
  A tengu warrior (D:15)
  7 naga warriors
  16 naga sharpshooters
  3 occultists
  A vampire mage (Vaults:2)
  9 shock serpents
  16 spriggans
  3 salamander mystics (Snake:4)
  A goliath frog (Swamp:1)
  A sixfirhy (Gauntlet)
  48 deep trolls
  2 skysharks (Lair:4)
  2 spriggan druids (Swamp:1)
  A glowing orange brain (D:15)
  11 ironbound convokers
  12 orc knights
  8 naga ritualists
  A bog body (Swamp:1)
  5 arcanists
  Pikel (D:9)
  An obsidian statue (Snake:2)
  3 necromancers
  12 mana vipers
  3 deep elf pyromancers
  2 harpies (Vaults:4)
  10 lindwurms
  9 salamanders
  5 manticores
  A will-o-the-wisp (Swamp:1)
  An orc sorcerer (Orc:2)
  5 cyclopes
  An elephant (Lair:4)
  29 ugly things
  3 toenail golems (Volcano)
  10 naga magi
  4 apocalypse crabs (Swamp:1)
  37 black mambas
  4 guardian serpents
  2 torpor snails
  11 vault sentinels
  A black mamba (shapeshifter) (D:14)
  10 cane toads
  15 yaktaurs
  Maggie (D:9)
  4 komodo dragons
  A kobold demonologist (D:12)
  4 rime drakes
  A rime drake (shapeshifter) (D:14)
  10 polar bears
  A tengu conjurer (D:15)
  9 trolls
  2 tyrant leeches
  A bloated husk (Swamp:1)
  Grinder (Sewer)
  6 hornets
  19 blink frogs
  39 slime creatures
  A shadow (D:11)
  2 wyverns
  3 wraiths
  Eustachio (D:5)
  A vampire (D:11)
  47 yaks
  3 humans (Volcano)
  2 fire elementals
  12 vampire mosquitoes
  5 redbacks
  8 swamp worms
  9 wargs (Orc:2)
  32 nagas
  3 acid dragons
  2 hell hounds (D:14)
  21 water moccasins
  33 orc warriors
  3 hexers
  6 black bears
  5 ice beasts
  40 wolves
  13 boggarts
  6 ogres
  8 centaurs
  2 lemures (D:9)
  2 phantoms
  4 kobold brigands
  13 bullfrogs
  2 gnoll sergeants
  2 scorpions
  5 wights
  3 killer bees (D:9)
  5 howler monkeys
  A lava snake (D:13)
  13 orc priests
  2 jellies
  A gnoll bouda (Orc:1)
  7 hounds
  A sleepcap (D:5)
  3 iguanas (D:5)
  15 orc wizards
  3 hell rats (Lair:5)
  A centaur simulacrum (D:10)
  8 gnolls
  10 adders
  6 shadow imps
  2 white imps
  2 ufetubi (Gauntlet)
  An adder zombie (Sewer)
  5 worms
  6 dart slugs
  71 orcs
  11 ball pythons
  8 endoplasms
  4 giant cockroaches
  9 goblins
  6 hobgoblins
  5 jackals
  28 kobolds
  A quokka (D:3)
  4 bats
  3 frilled lizards
  2 kobold zombies (Sewer)
  3 rats
1137 creatures vanquished.

Vanquished Creatures (collateral kills)
  A nagaraja (Snake:2)
  A vault warden (Vaults:3)
  An ironbound thunderhulk (Vaults:4)
  3 ironbound preservers (Vaults:4)
  A very ugly thing (D:15)
  A dire elephant (Vaults:1)
  2 hydras
  2 catoblepae
  2 centaur warriors
  4 anacondas
  5 ironbound frosthearts
  A two-headed ogre (D:10)
  A death yak (IceCv)
  2 naga warriors
  2 naga sharpshooters
  The ghost of bmj180 the Conjurer, a novice HuCj of Sif Muna (D:8)
  3 shock serpents (Snake:4)
  2 salamander mystics (Snake:4)
  A skyshark (Lair:4)
  A goliath frog (Swamp:1)
  10 deep trolls
  A spriggan druid (Swamp:1)
  A flayed ghost (Vaults:4)
  A bog body (Swamp:1)
  2 arcanists
  2 phantasmal warriors
  An ironbound convoker (Vaults:2)
  5 orc knights
  3 harpies
  6 mana vipers
  2 salamanders
  10 ugly things
  An orc sorcerer (Orc:1)
  A manticore (D:15)
  An elephant (shapeshifter) (D:15)
  A toenail golem (Volcano)
  An ice statue (IceCv)
  3 elephants (Lair:4)
  3 guardian serpents
  A naga mage (Snake:3)
  13 slime creatures
  10 black mambas
  3 vault sentinels
  3 cane toads
  2 yaktaurs
  2 rime drakes
  2 komodo dragons
  3 trolls
  A polar bear (Lair:2)
  3 hornets (Lair:5)
  10 blink frogs
  2 spriggans (Lair:5)
  An unseen horror simulacrum (D:10)
  A human (Volcano)
  7 yaks
  Grum (Lair:1)
  A fire elemental (D:13)
  A basilisk (D:12)
  2 steam dragons (D:8)
  2 vampire mosquitoes
  A swamp worm (Swamp:1)
  2 wargs (Orc:2)
  3 nagas
  An acid dragon (D:6)
  2 water moccasins (Lair:5)
  9 orc warriors
  A hell hound (D:14)
  2 ice beasts
  2 ogres
  A black bear (Lair:5)
  8 wolves
  2 centaurs
  A phantom (D:6)
  2 kobold brigands
  2 bullfrogs
  A scorpion (Lair:2)
  A killer bee (D:9)
  2 orc priests
  A sleepcap (D:6)
  3 orc wizards
  A hell rat (Lair:5)
  A centaur simulacrum (D:10)
  4 gnolls
  A white imp (D:5)
  2 ufetubi (Gauntlet)
  18 orcs
  3 kobolds
240 creatures vanquished.

Vanquished Creatures (others)
  A spriggan druid (Swamp:1)
  2 boggarts (Vaults:3)
  A hornet simulacrum (D:14)
  33 hexers
  2 orc wizards
  An orc (Orc:1)
  8 foxfires (Swamp:1)
48 creatures vanquished.

Grand Total: 1425 creatures vanquished

Notes
Turn   | Place    | Note
-------+----------+-------------------------------------------
     0 | D:1      | jt the Gargoyle Warper began the quest for the Orb.
     0 | D:1      | Reached XP level 1. HP: 12/12 MP: 3/3
    53 | D:1      | Reached skill level 2 in Axes
    74 | D:1      | Reached XP level 2. HP: 13/18 MP: 5/5
   361 | D:1      | Reached XP level 3. HP: 23/23 MP: 6/6
   395 | D:1      | Learned a level 2 spell: Blink
  1123 | D:2      | Reached XP level 4. HP: 28/28 MP: 7/7
  1275 | D:2      | Reached skill level 3 in Axes
  1768 | D:3      | Reached XP level 5. HP: 33/33 MP: 8/8
  2527 | D:4      | Reached XP level 6. HP: 39/39 MP: 9/9
  2637 | D:4      | Found a glowing drain.
  2675 | Sewer    | Entered a sewer
  2821 | Sewer    | Found an ancient bone altar of Kikubaaqudgha.
  2826 | Sewer    | Noticed Grinder
  2838 | Sewer    | Paralysed by Grinder for 3 turns
  2845 | Sewer    | Reached skill level 4 in Axes
  2895 | Sewer    | Killed Grinder
  2896 | Sewer    | Reached skill level 5 in Fighting
  2896 | Sewer    | Reached XP level 7. HP: 37/44 MP: 10/10
  3118 | D:4      | Found a hazy altar of Hepliaklqana.
  3128 | D:4      | Became a worshipper of Hepliaklqana the Forgotten
  3351 | D:4      | Reached skill level 5 in Axes
  3369 | D:4      | Reached skill level 5 in Armour
  3369 | D:4      | Reached XP level 8. HP: 50/51 MP: 11/11
  3733 | D:5      | Entered Level 5 of the Dungeon
  3734 | D:5      | Gained mutation: You sometimes lose your temper in combat.
                  | [potion of mutation]
  3734 | D:5      | Gained mutation: You have sharp toenails. [potion of
                  | mutation]
  3734 | D:5      | Lost mutation: You sometimes lose your temper in combat.
                  | [potion of mutation]
  4054 | D:5      | Reached skill level 6 in Axes
  4091 | D:5      | Found a radiant altar of Vehumet.
  4168 | D:5      | Reached XP level 9. HP: 57/57 MP: 12/12
  4365 | D:5      | Reached * piety under Hepliaklqana
  4425 | D:5      | Noticed Eustachio
  4440 | D:5      | Killed Eustachio
  4506 | D:5      | Found a broken altar of Ashenzari.
  5219 | D:6      | Found a staircase to the Ecumenical Temple.
  5331 | D:6      | Reached skill level 7 in Axes
  5742 | D:7      | Found a sparkling altar of Nemelex Xobeh.
  5785 | D:7      | Reached ** piety under Hepliaklqana
  5786 | D:7      | Remembered your ancestor Lech as a hexer
  6271 | D:7      | Found a snail-covered altar of Cheibriados.
  6275 | D:7      | Found an ornate altar of the Wu Jian Council.
  6278 | D:7      | Found a hide-covered altar of Uskayaw.
  6379 | D:8      | Found Ihogyeme's Demolitions Depot.
  6399 | D:8      | Found a staircase to the Lair.
  6415 | D:8      | Reached XP level 10. HP: 58/59 MP: 13/13
  6445 | D:8      | Found a runed translucent door.
  6450 | D:8      | Noticed bmj180's ghost (novice HuCj)
  6648 | D:8      | Reached *** piety under Hepliaklqana
  6649 | D:8      | Identified 2 scrolls of acquirement
  6650 | D:8      | Acquired a manual of Conjurations
  6652 | D:8      | Acquired a +5 executioner's axe of distortion
  6786 | D:9      | Identified the "Plog"
  6858 | D:9      | Reached skill level 8 in Axes
  7083 | D:9      | Reached skill level 9 in Axes
  7083 | D:9      | Noticed Maggie
  7089 | D:9      | Killed Maggie
  7103 | D:9      | Found a glowing silver altar of Zin.
  7110 | D:9      | Noticed Harold
  7118 | D:9      | Killed Harold
  7175 | D:9      | Found a staircase to the Orcish Mines.
  7178 | D:9      | Reached skill level 10 in Axes
  7353 | D:9      | You fall into a shaft and drop 2 floors!
  7357 | D:11     | Found a gate leading to a gauntlet.
  7372 | Gauntlet | Entered a Gauntlet
  7372 | Gauntlet | Noticed a sixfirhy
  7372 | Gauntlet | Found a transporter.
  7372 | Gauntlet | Found a transporter.
  7374 | Gauntlet | Found a transporter.
  7375 | Gauntlet | Found a transporter.
  7377 | Gauntlet | Found a transporter.
  7381 | Gauntlet | Found a runed translucent door.
  7383 | Gauntlet | Found a runed translucent door.
  7383 | Gauntlet | Found a transporter.
  7385 | Gauntlet | Found a transporter.
  7386 | Gauntlet | Found a transporter.
  7388 | Gauntlet | Found a transporter.
  7390 | Gauntlet | Noticed a wretched star
  7393 | Gauntlet | Noticed a blizzard demon
  7396 | Gauntlet | Found a transporter.
  7396 | Gauntlet | Found a transporter.
  7396 | Gauntlet | Found the ring of Shadows {Umbra +Inv Stlth+}
  7457 | Gauntlet | Found a transporter.
  7577 | Gauntlet | Killed a sixfirhy
  7578 | Gauntlet | Reached XP level 11. HP: 30/63 MP: 14/14
  7685 | Gauntlet | Killed a blizzard demon
  7686 | Gauntlet | Reached skill level 5 in Translocations
  7687 | Gauntlet | Identified the amulet "Ceur" {Reflect Int+2 SH+5}
  7717 | Gauntlet | Noticed a minotaur
  7731 | Gauntlet | Killed a minotaur
  7732 | Gauntlet | Reached skill level 11 in Axes
  7802 | D:11     | Reached **** piety under Hepliaklqana
  7808 | D:11     | Reached skill level 1 in Evocations
  7902 | D:10     | Entered Level 10 of the Dungeon
  7902 | D:10     | Noticed a two-headed ogre
  7906 | D:10     | Killed a two-headed ogre
  8031 | D:10     | Noticed Pi314's ghost (journeyman DrCj)
  8212 | D:9      | Noticed Pikel
  8219 | D:9      | Killed Pikel
  8286 | Lair:5   | Identified the "Sixkur"
  8286 | Orc:1    | Entered Level 1 of the Orcish Mines
  8297 | D:9      | Reached skill level 12 in Axes
  8386 | Orc:1    | Noticed an orc knight
  8426 | D:9      | Killed an orc knight
  8495 | Orc:1    | Found an iron altar of Okawaru.
  8615 | D:8      | Bought a lightning rod (4/4) for 560 gold pieces
  8672 | Orc:2    | Entered Level 2 of the Orcish Mines
  8689 | Orc:2    | Found a staircase to the Elven Halls.
  8708 | Orc:2    | Noticed an orc knight
  8718 | Orc:2    | Reached skill level 5 in Evocations
  8718 | Orc:2    | Noticed an orc knight
  8719 | Orc:2    | Killed an orc knight
  8720 | Orc:2    | Reached XP level 12. HP: 33/68 MP: 15/15
  8729 | Orc:2    | Found Boumpar's Assorted Antiques.
  8817 | Orc:2    | Noticed a soul eater
  8820 | Orc:2    | Reached skill level 13 in Axes
  9063 | Orc:2    | Found Jaamiodo's Weapon Shop.
  9063 | Orc:2    | Found Tylolu Ateu's Antique Weapon Shoppe.
  9076 | Orc:2    | Bought an encrusted broad axe for 234 gold pieces
  9076 | Orc:2    | Identified the +3 broad axe "Bioch" {flame, Fragile Dex+6}
                  | (You bought it in a shop on level 2 of the Orcish Mines)
  9248 | Orc:2    | Reached ***** piety under Hepliaklqana
  9296 | Orc:2    | Reached skill level 14 in Axes
  9679 | Orc:2    | Reached skill level 1 in Air Magic
  9808 | Orc:2    | Found Gablozam's Weapon Shop.
  9808 | Orc:2    | Found Acaify Mitiy's General Store.
  9822 | Orc:2    | Bought 2 potions of heal wounds for 150 gold pieces
 10125 | Orc:1    | Paralysed by an orc sorcerer for 5 turns
 10542 | Lair:1   | Entered Level 1 of the Lair of Beasts
 10579 | Lair:1   | Reached XP level 13. HP: 70/72 MP: 17/17
 10648 | Lair:1   | Noticed Grum
 10665 | Lair:1   | Killed Grum
 11034 | Orc:2    | Bought a scroll of revelation for 112 gold pieces
 11077 | Vaults:1 | Identified the "Ezececs"
 11077 | Vaults:5 | Identified the of Ufumeduc
 11077 | Elf:1    | Identified the "Wabaes"
 11077 | Elf:1    | Entered Level 1 of the Elven Halls
 11260 | Lair:1   | Reached skill level 15 in Axes
 11609 | Lair:2   | Found a frozen archway.
 11628 | IceCv    | Entered an ice cave
 11870 | IceCv    | Reached skill level 10 in Armour
 12104 | IceCv    | Gained mutation: Your large and strong wings let you fly.
                  | [Gargoyle growth]
 12104 | IceCv    | Reached XP level 14. HP: 33/77 MP: 18/18
 12728 | Lair:2   | Learned a level 1 spell: Apportation
 12733 | Lair:2   | Learned a level 4 spell: Manifold Assault
 12738 | Lair:2   | Learned a level 4 spell: Vhi's Electric Charge
 12781 | Lair:2   | Found a staircase to the Snake Pit.
 13323 | Lair:3   | Found a staircase to the Swamp.
 13338 | Lair:3   | Reached skill level 16 in Axes
 13360 | Lair:3   | Noticed Nergalle
 13376 | Lair:3   | Banished Nergalle
 13534 | D:8      | Killed bmj180's ghost
 13833 | D:10     | Found a runed translucent gate.
 13833 | D:10     | Found a runed translucent gate.
 13833 | D:10     | Found a runed translucent gate.
 14024 | D:10     | Banished Pi314's ghost
 14056 | D:10     | Got the ring of the Harvest {Fire rElec Int-4 Dex+2}
 14188 | D:11     | Reached ****** piety under Hepliaklqana
 15558 | D:13     | Reached skill level 1 in Throwing
 15736 | D:13     | a boulder beetle changed into a broodmother
 15736 | D:13     | Noticed a broodmother (shapeshifter)
 15741 | D:13     | Killed a broodmother
 15746 | D:13     | Reached skill level 5 in Air Magic
 15789 | D:13     | Reached XP level 15. HP: 67/81 MP: 4/21
 15944 | D:13     | Found Teytiug's Weapon Boutique.
 16100 | D:13     | Found a gate to the Vaults.
 16918 | D:14     | Reached skill level 1 in Stealth
 17241 | D:14     | Noticed Azrael
 17247 | D:14     | Killed Azrael
 17444 | D:14     | Found a hide-covered altar of Uskayaw.
 17509 | D:14     | Found a runed translucent door.
 17511 | D:14     | Noticed a tengu reaver
 17556 | D:14     | Noticed Agnes
 17557 | D:14     | Noticed Louise
 17565 | D:14     | Banished Louise
 17568 | D:14     | Killed Agnes
 17789 | D:15     | Entered Level 15 of the Dungeon
 17989 | D:15     | Identified the +8 short sword "Uvit" {heavy, rF+ rN+ Dex+2}
 18111 | D:15     | Found a runed translucent door.
 18111 | D:15     | Noticed Aneev's ghost (adept TrFi)
 18112 | D:15     | Identified the +6 war axe "Sicwym" {heavy, rPois rF+ rC-
                  | rCorr}
 18153 | D:15     | Found a blossoming altar of Fedhas.
 18222 | D:15     | Reached skill level 17 in Axes
 18222 | D:15     | Reached skill level 10 in Translocations
 18739 | D:15     | Reached XP level 16. HP: 66/86 MP: 13/22
 19123 | D:15     | Found a staircase to the Depths.
 19269 | D:15     | Killed Aneev's ghost
 19270 | D:15     | Reached skill level 10 in Fighting
 19288 | D:15     | Identified the ring of Aseepewo {Fire Will+ Int+2}
 19308 | D:15     | Identified the +7 spear of the Candelabrum {antimagic,
                  | rElec}
 19597 | Snake:1  | Entered Level 1 of the Snake Pit
 19761 | Snake:1  | Noticed Jorgrun
 19771 | Snake:1  | Killed Jorgrun
 19926 | Snake:1  | Reached skill level 5 in Spellcasting
 20444 | Snake:1  | Found Dogamiaz's Book Boutique.
 21063 | Snake:1  | You are sucked into a shaft and drop 1 floor!
 21084 | Snake:2  | Found a runed translucent gate.
 21085 | Snake:2  | Found a runed translucent gate.
 21085 | Snake:2  | Found a runed translucent gate.
 21085 | Snake:2  | Found an opulent altar of Gozag.
 21085 | Snake:2  | Found Wiap's Assorted Antiques.
 21085 | Snake:2  | Found Obu Sygg's Assorted Antiques.
 21087 | Snake:2  | Noticed Unotosimoa's ghost (adept GrFi)
 21131 | Snake:2  | Identified the +0 leather armour of Xeczoum {Will+ Str+3}
 21701 | Temple   | Entered the Ecumenical Temple
 22346 | Snake:2  | Noticed a nagaraja
 22462 | Snake:2  | Killed a nagaraja
 22519 | Snake:2  | Identified the serpent talisman of Anarchy {Dex+5}
 22519 | Snake:2  | Noticed Aizul
 22528 | Snake:2  | Banished Aizul
 22529 | Snake:2  | Reached skill level 15 in Armour
 22966 | Snake:2  | Reached XP level 17. HP: 81/93 MP: 8/24
 23293 | Snake:2  | Banished Unotosimoa's ghost
 23294 | Snake:2  | Reached skill level 1 in Invocations
 23698 | Snake:3  | Reached skill level 18 in Axes
 25599 | Snake:4  | Entered Level 4 of the Snake Pit
 26506 | Snake:4  | Noticed Vashnia
 26508 | Snake:4  | Banished Vashnia
 26847 | Snake:4  | Reached skill level 5 in Invocations
 27227 | Snake:4  | Reached XP level 18. HP: 101/101 MP: 10/25
 27927 | Snake:4  | Got a serpentine rune of Zot
 28238 | Swamp:1  | Entered Level 1 of the Swamp
 28949 | Swamp:1  | Found a runed translucent door.
 29402 | Swamp:1  | Paralysed by you for 5 turns
 30413 | Lair:4   | Found a dark tunnel.
 30436 | Volcano  | Entered a volcano
 30643 | Volcano  | Identified the +0 helmet "Homauren" {Harm *Corrode Dex+6}
 30653 | Volcano  | Identified the +0 pair of gloves of Ephyr {rC- Will- Str+3
                  | Dex+9}
 31661 | Lair:5   | Entered Level 5 of the Lair of Beasts
 31806 | Lair:5   | Found a hide-covered altar of Uskayaw.
 31943 | Lair:5   | Reached XP level 19. HP: 108/108 MP: 14/28
 32424 | Lair:5   | Found a viscous altar of Jiyva.
 32424 | Lair:5   | Found a staircase to the Slime Pits.
 32690 | Lair:5   | Identified the +4 leather armour "Covuror" {rC+ rN+ MP+9
                  | Dex+3}
 33358 | Vaults:1 | Entered Level 1 of the Vaults
 33369 | Vaults:1 | Reached skill level 19 in Axes
 33396 | Vaults:1 | Found Gumpigyo's General Store.
 33411 | Vaults:1 | Bought a scroll of immolation for 56 gold pieces
 33570 | Vaults:1 | Paralysed by a sphinx for 5 turns
 33596 | Vaults:1 | Paralysed by a sphinx for 4 turns
 33865 | Vaults:1 | Found Teoloof's Assorted Antiques.
 33878 | Vaults:1 | Bought a scroll of blinking for 217 gold pieces
 34377 | Vaults:1 | Found Biaqef's Assorted Antiques.
 35801 | Vaults:2 | Reached skill level 15 in Fighting
 36186 | Vaults:2 | Reached skill level 10 in Invocations
 36320 | Vaults:2 | Reached XP level 20. HP: 116/116 MP: 29/29
 36355 | Vaults:2 | Found Daalleud's Jewellery Boutique.
 36379 | Vaults:2 | Bought the ring of Yvvui {rC+ Will+ SInv Stlth-} for 597
                  | gold pieces
 36710 | Vaults:2 | Identified the +3 chain mail of Edyxitoa {Fly MP+9}
 37014 | Vaults:2 | Identified the +5 mace "Mud Pie of Death" {holy, Dex+3}
 37089 | Vaults:2 | You are sucked into a shaft and drop 1 floor!
 37586 | Vaults:2 | Found a staircase to the Crypt.
 39561 | Vaults:3 | Found Ydghats's Distillery.
 39851 | Vaults:3 | Reached skill level 20 in Axes
 40165 | Vaults:3 | Identified the serpent talisman of Serendipity {rN++ Str+4
                  | Slay-4}
 40469 | Vaults:4 | Reached XP level 21. HP: 122/122 MP: 31/31
 40945 | Vaults:4 | Noticed a dread lich
 40962 | Vaults:4 | Killed a dread lich
 40995 | Vaults:4 | Identified the ring "Ampoam" {rF+ rN+}
 41671 | Vaults:4 | Found Zamnidoiti's General Store.
 41679 | Vaults:4 | Bought a potion of heal wounds for 80 gold pieces
 41679 | Vaults:4 | Bought a scroll of blinking for 120 gold pieces
 42708 | Vaults:1 | Bought a condenser vane for 560 gold pieces
 42867 | Vaults:5 | Entered Level 5 of the Vaults
 42874 | Vaults:5 | Killed by an exploding sphinx... ignited by their inner
                  | flame

Illustrated notes

Levels and vault maps discovered:
D:1:      roderic_crop_circles_arrival_small, layout_basic, minmay_bisected
D:2:      layout_rooms, serial_glass, glass_columns_c, glass_columns_a,
          glass_columns_a, glass_columns_c, glass_columns_c, glass_columns_c,
          glass_columns_b, glass_columns_a, due_unseen_surprise
D:3:      layout_basic, serial_glass, glass_columns_a, glass_columns_b,
          glass_columns_b, glass_columns_b, glass_columns_a, glass_columns_b
D:4:      minmay_octagon_keep, layout_basic, lemuel_round_altar,
          cheibrodos_sewer_entry_bend
D:5:      layout_layer_cave, nicolae_vehumet_radiance, evilmike_ruin_ashenzari,
          nicolae_twisty_statue_hallways, uniq_eustachio
D:6:      layout_loops_cross, minmay_temple_entry_from_below_a
D:7:      layout_gridville, minmay_overflow_temple_star_quad,
          mainiacjoe_overflow_tiny_flanked
D:8:      layout_cave_pools, lair_entry_dummy, ebering_ghost_reflecting_pool,
          nicolae_blasting_shop
D:9:      layout_gridville, zin_academy, kennysheep_orc_monster_closet_entryway,
          uniq_pikel, uniq_harold, uniq_maggie
D:10:     layout_loops_ring, gammafunk_ghost_icy
D:11:     layout_cave_pools, gauntlet_entry_generic
D:12:     layout_loops_ring, feat_on_display
D:13:     layout_roguey, david_vaults_1, nicolae_inconvenience_store
D:14:     layout_roguey, nicolae_uskayaw_dance_hall, nicolae_twisting_strands,
          nrook_mini_backslash, minivault_13, uniq_louise, uniq_azrael,
          uniq_agnes
D:15:     gammafunk_enter_depths_forms, layout_basic,
          ebering_ghost_funeral_grove, fedhas_altar_2
Temple:   compressed_dpeg_circular_temple
Lair:1:   layout_big_grid, minivault_11, minmay_stone_trees_small,
          beast_lair_carwin_7, grunt_megastairs_3, infiniplex_staircase_pool_2,
          uniq_grum
Lair:2:   layout_chaotic_city, guppyfry_snake_entry_garden, portal_ice_cave_rime
Lair:3:   layout_misc_corridors, minmay_swamp_entry_worms, lemuel_fruit_tree,
          uniq_nergalle
Lair:4:   layout_misc_corridors, nicolae_volcano_entry_two_sided,
          grunt_megastairs_1
Lair:5:   minmay_lair_end_enchanted_forest, layout_gridlike,
          dpeg_slime_entry_corner, basic_altar
Swamp:1:  gammafunk_mikee_crab_dinner, layout_basic_swamp,
          evilmike_swamp_ruin_house_4
Swamp:2:  layout_basic_swamp, evilmike_swamp_ruin_house_2, swamp_pool_1_2,
          lemuel_altar_in_water
Snake:1:  layout_grid_maze, serial_shops, shop, nicolae_letterblocks
          [nicolae_letter_subblock, nicolae_letter_subblock,
          nicolae_letter_subblock, nicolae_letter_subblock,
          nicolae_letter_subblock, nicolae_letter_subblock,
          nicolae_letter_subblock, nicolae_letter_subblock,
          nicolae_letter_subblock, nicolae_letter_subblock,
          nicolae_letter_subblock, nicolae_letter_subblock,
          nicolae_letter_subblock, nicolae_letter_subblock,
          nicolae_letter_subblock, nicolae_letter_subblock,
          nicolae_letter_subblock, nicolae_letter_subblock,
          nicolae_letter_subblock, nicolae_letter_subblock,
          nicolae_letter_subblock, nicolae_letter_subblock,
          nicolae_letter_subblock, nicolae_letter_subblock,
          nicolae_letter_subblock], uniq_jorgrun
Snake:2:  cheibrodos_forgotten_conduit, layout_onion, ebering_ghost_gozag,
          uniq_aizul
Snake:3:  layout_rooms, nicolae_snake_gridmaze_zigzag, statue_in_the_mist_lemuel
Snake:4:  snake_pit_salamanders_mu, layout_cave_town, uniq_vashnia
Orc:1:    layout_caves, okawaru_metal_pillars_1_2
Orc:2:    st_orc_town, layout_diamond_mine, serial_shops,
          nicolae_shop_advertising_works [nicolae_subvault_shop_adworks]
Elf:1:    layout_geoelf_octagon, serial_shops, shop, minmay_elf_annihilation,
          minmay_fountain_box, grunt_ministairs_6, drop_trap, uniq_donald,
          uniq_nikola
Vaults:1: vaults_dpeg_encased_lava, v_misc_9, nicolae_vaults_rhombus_6,
          grunt_vaults_diagonal, hangedman_vaults_impose,
          hangedman_vaults_slice, hangedman_vaults_river_flow,
          ontoclasm_vaults_eye, nicolae_vaults_asterisk,
          nicolae_vaults_border_crossing, nicolae_vaults_storage_closets_2,
          nicolae_vaults_specimen_jars, nicolae_vaults_little_squares_2,
          layout_vaults_omnigrid, serial_shops, nicolae_shop_statue_plus,
          nicolae_diamond_shop, shop
Vaults:2: v_misc_9, nicolae_vaults_doubleplus_tesselated,
          nicolae_vaults_windows_and_doors_thing,
          nicolae_vaults_closet_pinwheel_5, nicolae_vaults_tetromino_Z_2,
          hangedman_vaults_slither, nicolae_vaults_closet_pinwheel_1,
          minmay_crypt_entry_simple_walls, hangedman_vaults_impose,
          vaults_room_semicircle, nicolae_vaults_oval_intersection,
          nicolae_vaults_theta, layout_vaults_ring, serial_shops,
          nicolae_shop_trees
Vaults:3: hangedman_vaults_impose, v_pattern_1, nicolae_vaults_what_the_h,
          nicolae_vaults_network_quinsquares
          [nicolae_vaults_network_quincunx_subvault,
          nicolae_vaults_network_quincunx_subvault,
          nicolae_vaults_network_quincunx_subvault,
          nicolae_vaults_network_quincunx_subvault], vaults_room_pools,
          nicolae_vaults_trapezoid_layered, nicolae_vaults_variable_pillar_hall,
          v_alt_pattern_5, ontoclasm_vaults_fault, hangedman_vaults_stream,
          grunt_vaults_hallway_short, nicolae_vaults_tetromino_T_1, v_misc_18,
          nicolae_vaults_house_3, layout_vaults_omnicross, serial_shops, shop
Vaults:4: vaults_dpeg_spiral, v_misc_33, nicolae_vaults_good_morning_starshine,
          ontoclasm_vaults_ring_large, hangedman_vaults_capsules, v_misc_5,
          nicolae_vaults_closet_pinwheel_1, vaults_room_semicircle, v_misc_27,
          vaults_room_stairs_pillars, nicolae_vaults_little_squares_2,
          ontoclasm_vaults_ligature, grunt_vaults_funnel,
          grunt_vaults_hallway_short, layout_vaults_omnibox, serial_shops, shop
Vaults:5: uniq_margery, uniq_jory

Skill      XL: |  1  2  3  4  5  6  7  8  9 10 11 12 13 14 15 16 17 18 19 20 21 |
---------------+----------------------------------------------------------------+-----
Axes           | 2 3 4 5 6 7 10 12 14 15 16 17 18 19 20 | 20.4
Fighting       | 3 4 5 6 7 9 11 12 13 15 16 | 16.9
Armour         | 2 4 5 6 8 10 12 13 15 16 17 18 19 | 19.0
Translocations | 4 5 7 8 10 11 12 13 | 13.0
Evocations     | 5 |  5.0
Air Magic      | 2 4 5 6 7 8 9 |  9.0
Spellcasting   | 3 4 5 6 7 |  7.0
Throwing       | 1 3 |  3.0
Stealth        | 2 |  2.0
Invocations    | 5 7 10 11 12 | 12.7
Dodging        | |  1.5

Action                     |  1- 3 |  4- 6 |  7- 9 | 10-12 | 13-15 | 16-18 | 19-21 || total
---------------------------+-------+-------+-------+-------+-------+-------+-------++-------
  Melee: Hand axe          |    20 |       |       |       |       |       |       ||    20
         Whip              |    78 |   226 |   373 |       |       |       |       ||   677
         Punch             |       |     2 |     7 |       |       |       |       ||     9
         Kick              |       |       |    76 |    85 |   197 |   203 |   251 ||   812
         Executioner's axe |       |       |       |   302 |   721 |  1114 |   945 ||  3082
  Throw: Stone             |     1 |     1 |       |       |       |       |       ||     2
         Dart              |       |       |    31 |    72 |    65 |     9 |     4 ||   181
         Boomerang         |       |       |     2 |     5 |       |     2 |       ||     9
         Javelin           |       |       |       |       |       |     3 |     2 ||     5
   Cast: Blink             |       |       |       |       |     1 |       |       ||     1
         Manifold Assault  |       |       |       |       |    49 |   260 |   178 ||   487
         Vhi's Electric Ch |       |       |       |       |    19 |    78 |    78 ||   175
 Invoke: Ancestor Life: He |       |       |     1 |       |       |       |       ||     1
         Recall Ancestor   |       |       |       |     7 |     5 |     8 |     4 ||    24
         Idealise          |       |       |       |       |       |     1 |       ||     1
Ability: Begin Untransform |       |       |     1 |       |       |       |       ||     1
  Evoke: Wand              |       |       |       |     8 |     4 |     3 |     7 ||    22
         Lightning rod     |       |       |       |     5 |     6 |     4 |       ||    15
         Phantom mirror    |       |       |       |       |       |     1 |       ||     1
    Use: Scroll            |     1 |     4 |     3 |     9 |     7 |    10 |     5 ||    39
         Potion            |       |     4 |     4 |     2 |     3 |     3 |     6 ||    22
   Stab: Confused          |       |       |     4 |     7 |    12 |    11 |    48 ||    82
         Distracted        |       |       |     1 |     1 |     9 |    13 |     6 ||    30
         Invisible         |       |       |       |       |     2 |       |     1 ||     3
         Paralysed         |       |       |       |       |     9 |    33 |    57 ||    99
 Armour: Leather armour    |    26 |       |       |       |       |       |       ||    26
         Ring mail         |     9 |   115 |   107 |       |       |       |       ||   231
         Skin              |       |    22 |       |       |       |       |       ||    22
         Chain mail        |       |       |   151 |   333 |   650 |   812 |   166 ||  2112
         Plate armour      |       |       |       |       |       |       |   445 ||   445
  Dodge: Dodged            |    80 |   100 |   146 |   162 |   283 |   358 |   208 ||  1337
   Form: Beast             |       |     1 |       |       |       |       |       ||     1

Table legend: (Time is in decaauts)
 A = Elapsed time spent in this place.
 B = Non-inter-level travel time spent in this place.
 C = Inter-level travel time spent in this place.
 D = Time resting spent in this place.
 E = Time spent auto-exploring this place.
 F = Levels seen in this place.
 G = Mean time per level.
                   A        B        C        D        E       F      G
               +--------+--------+--------+--------+--------+-----+--------+
         Total |  43034 |  39596 |   3438 |   7519 |  19944 |  39 | 1103.4 |
       Dungeon |  14578 |  13119 |   1459 |   1466 |   7412 |  15 |  971.9 |
        Temple |      1 |      1 |      0 |      0 |      0 |   1 |    1.0 |
          Lair |   5347 |   4485 |    862 |    357 |   2837 |   5 | 1069.4 |
         Swamp |   1571 |   1462 |    109 |    739 |    372 |   2 |  785.5 |
     Snake Pit |   7871 |   7573 |    298 |   2690 |   2795 |   4 | 1967.8 |
  Orcish Mines |   2152 |   1883 |    269 |    167 |    726 |   2 | 1076.0 |
   Elven Halls |      6 |      6 |      0 |      0 |      0 |   1 |    6.0 |
        Vaults |   9442 |   9004 |    438 |   1928 |   5065 |   5 | 1888.4 |
         Sewer |    382 |    382 |      0 |     10 |    109 |   1 |  382.0 |
      Ice Cave |    879 |    879 |      0 |     54 |    368 |   1 |  879.0 |
       Volcano |    417 |    417 |      0 |      0 |    213 |   1 |  417.0 |
      Gauntlet |    384 |    384 |      0 |    106 |     47 |   1 |  384.0 |
               +--------+--------+--------+--------+--------+-----+--------+

Top non-repeatable levels by time:
Vaults:3: 2574 daAuts
 Snake:4: 2483 daAuts
Vaults:1: 2405 daAuts
Vaults:2: 2287 daAuts
Vaults:4: 2170 daAuts
 Snake:1: 2078 daAuts
 Snake:2: 1807 daAuts
    D:15: 1598 daAuts
 Swamp:1: 1557 daAuts
 Snake:3: 1502 daAuts
   Orc:2: 1480 daAuts
  Lair:5: 1451 daAuts
    D:13: 1432 daAuts
     D:5: 1314 daAuts
     D:9: 1193 daAuts
